 Dungeon Crawl Stone Soup version 0.16-a0-3272-g378764d (webtiles) character file.

16 farough the Grave Robber (level 2, 0/19 HPs)
             Began as a Demonspawn Necromancer on Aug 23, 2015.
             Slain by Terence
             ... wielding a +0 short sword
              (3 damage)
             ... on level 2 of the Dungeon.
             The game lasted 00:08:32 (701 turns).

farough the Grave Robber (Demonspawn Necromancer)    Turns: 701, Time: 00:08:32

Health: 0/19       AC:  2    Str:  8    XL:     2   Next: 37%
Magic:  0/4        EV: 12    Int: 16    God:
Gold:   41         SH:  0    Dex: 13    Spells: 2 memorised, 3 levels left

rFire  . . .     SeeInvis .     k - +0 dagger
rCold  . . .     Clarity  .     a - +0 robe
rNeg   . . .     SustAb   .     (no shield)
rPois  .         Gourm    .     (no helmet)
rElec  .         Spirit   .     (no cloak)
rCorr  .         Warding  .     (no gloves)
rMut   .         Stasis   .     (no boots)
MR     .....                    (no amulet)
Stlth  ++........               (no ring)
                                (no ring)

@: not resistant to hostile enchantments, unstealthy
A: talons 1
a: no special abilities


You were on level 2 of the Dungeon.
You were not hungry.

You visited 1 branch of the dungeon, and saw 2 of its levels.

You collected 41 gold pieces.

Inventory:

Hand weapons
 k - a +0 dagger (weapon)
Armour
 a - a +0 robe (worn)
Magical staves
 d - an uncursed staff of summoning {unknown}
Jewellery
 f - a +2 ring of evasion {unknown}
 g - an uncursed ring of see invisible {unknown}
 j - an uncursed ring of protection from cold {unknown}
Potions
 e - a potion of restore abilities {unknown}
 l - a potion of heal wounds {unknown}
 m - a potion of cancellation {unknown}
Books
 b - a book of Necromancy

   Spells                             Type                      Level
   a - Pain                           Necromancy                   1
   b - Animate Skeleton               Necromancy                   1
   c - Vampiric Draining              Necromancy                   3
   d - Regeneration                   Charms/Necromancy            3
   e - Animate Dead                   Necromancy                   4
   f - Control Undead                 Necromancy                   4
Comestibles
 c - a bread ration
 i - 4 fruits


   Skills:
 + Level 2.0 Dodging
 + Level 1.7 Stealth
 + Level 2.2 Spellcasting
 + Level 4.8 Necromancy


You had 3 spell levels left.
You knew the following spells:

 Your Spells              Type           Power        Failure   Level  Hunger
a - Pain                  Necr           ###.         3%          1    #......
b - Animate Skeleton      Necr           N/A          3%          1    #......


Dungeon Overview and Level Annotations

Branches:
Dungeon (2/15)

Altars:

Annotations:
D:2 Terence


Innate Abilities, Weirdness & Mutations

You have sharp toenails.


Message History

Terence barely misses you.
Casting: Pain
Confirm with . or Enter, or press ? or * to list all spells.
Aiming: Pain
Press: ? - help, Shift-Dir - straight line, f/p - Terence
Aim: Terence, wielding a short sword and wearing a chain mail (almost dead, chance 83%) Terence barely resists.
Terence hits you with a short sword.
* * * LOW HITPOINT WARNING * * *
You hit Terence but do no damage.
Terence is almost dead.
Your kobold skeleton hits Terence but does no damage.
Terence barely misses your kobold skeleton.
You hit Terence but do no damage. Your kick misses Terence.
Terence is almost dead.
Your kobold skeleton hits Terence but does no damage.
Terence closely misses you.
You hit Terence but do no damage. You claw Terence, but do no damage.
Terence is almost dead.
Terence hits you with a short sword.
You die...

#............#
#............##### .
#...................
#.................... .
#..........#.......?. ...
####.†..#...#......... ....
#.......#...#......... ....
#...........#.......# ....
##............@......######....
#.............@................
#.....###......Z...<...........
#..............................
#...............#..............
#.........###...#.......(......
#######....................####
#####......%.............#
#........................####


You could see Terence and a friendly kobold skeleton.

Vanquished Creatures
  5 goblins (D:1)
  3 bats (D:1)
  2 giant cockroaches (D:1)
  A giant newt (D:2)
  2 kobolds
  5 rats (D:1)
18 creatures vanquished.

Vanquished Creatures (others)
  A goblin skeleton (D:1)
  2 rat skeletons (D:1)
3 creatures vanquished.

Grand Total: 21 creatures vanquished

Notes
Turn   | Place    | Note
--------------------------------------------------------------
     0 | D:1      | farough, the Demonspawn Necromancer, began the quest for the Orb.
     0 | D:1      | Reached XP level 1. HP: 13/13 MP: 3/3
    20 | D:1      | Learned a level 1 spell: Animate Skeleton
   192 | D:1      | Gained mutation: You have sharp toenails. [demonic ancestry]
   192 | D:1      | Reached XP level 2. HP: 4/19 MP: 1/4
   620 | D:2      | Noticed Terence
   701 | D:2      | Slain by Terence

Action                   || total
-------------------------++-------
Melee: Club              ||     5
       Unarmed           ||     2
       Dagger            ||     5
 Cast: Pain              ||    33
       Animate Skeleton  ||     5
  Use: Scroll            ||     2
       Potion            ||     1
